 Dungeon Crawl Stone Soup version 0.20-a0-629-gc37eb77 (webtiles) character file.

160632 AlphabetPasta the Polluter (level 17, -1/92 HPs)
             Began as a Gargoyle Venom Mage on Feb 9, 2017.
             Was the Champion of Vehumet.
             Killed from afar by deskach's ghost (55 damage)
             ... with a fireball
             ... on level 4 of the Swamp on Feb 10, 2017.
             The game lasted 04:00:11 (36630 turns).

AlphabetPasta the Polluter (Gargoyle Venom Mage)   Turns: 36630, Time: 04:00:12

Health: -1/92      AC: 21    Str: 14    XL:     17   Next: 47%
Magic:  21/41      EV: 17    Int: 24    God:    Vehumet [******]
Gold:   2180       SH:  7    Dex: 10    Spells: 5/39 levels left

rFire    . . .     SeeInvis .   e - staff of energy
rCold    + . .     Gourm    +   g - +1 robe {rC+}
rNeg     + + .     Faith    .   b - +2 buckler {rN+}
rPois    ∞         Spirit   .   N - +1 helmet {Int+3}
rElec    +         Reflect  .   (no cloak)
rCorr    .         Harm     .   (no gloves)
MR       +....                  E - +2 pair of boots {run}
Stlth    ++........             f - amulet of the gourmand
Regen    0.3/turn               o - +3 ring of evasion
                                A - ring of magical power

@: flying, quick
A: big wings, negative energy resistance 1, electricity resistance, unbreathing,
petrification resistance, rot immunity, AC +12
}: 1/15 runes: decaying
a: Stop Flying, Renounce Religion


You were on level 4 of the Swamp.
You worshipped Vehumet.
Vehumet was exalted by your worship.
You were full.

You visited 5 branches of the dungeon, and saw 25 of its levels.
You also visited: Ice Cave.

You collected 2638 gold pieces.
You spent 458 gold pieces at shops.

Inventory:

Hand Weapons
 a - a +5 quarterstaff of flaming
Armour
 b - a +2 buckler of positive energy (worn)
 g - a +1 robe of cold resistance (worn)
 i - a +0 cloak
 E - a +2 pair of boots of running (worn)
 J - a +0 buckler
 N - a +1 helmet of intelligence (worn)
Magical Staves
 c - an uncursed staff of cold
 e - an uncursed staff of energy (weapon)
Jewellery
 d - a +5 ring of intelligence
 f - an amulet of the gourmand (around neck)
 o - a +3 ring of evasion (right hand)
 t - an uncursed ring of resist corrosion
 v - an uncursed ring of protection from cold
 A - a ring of magical power (left hand)
 O - an uncursed ring of fire
Wands
 x - a wand of clouds (4/9)
 C - a wand of digging (3/24)
 F - a wand of scattershot (0/9)
 H - a wand of disintegration (0/24)
 I - a wand of paralysis (11/24)
 L - a wand of acid (0/15)
 M - a wand of confusion (27/48)
Scrolls
 l - 9 scrolls of teleportation
 p - a scroll of fear
 q - 4 scrolls of amnesia
 s - 9 scrolls of remove curse
 u - 6 scrolls of recharging
 w - 3 scrolls of identify
 y - 2 scrolls of magic mapping
 G - a scroll of fog
 R - a scroll of enchant armour
Potions
 j - 6 potions of curing
 n - 6 potions of might
 z - 3 potions of haste
 B - 5 potions of brilliance
 D - a potion of resistance
 K - 6 potions of agility
 P - a potion of flight
 Q - 2 potions of cancellation
 T - a potion of invisibility
Books
 S - a book of Ice

   Spells                             Type                      Level
   a - Ice Form                       Ice/Transmutation            4
   b - Metabolic Englaciation         Hexes/Ice                    5
   c - Ozocubu's Refrigeration        Ice                          6
   d - Bolt of Cold                   Conjuration/Ice              6
   e - Freezing Cloud                 Conjuration/Ice/Air          6
   f - Simulacrum                     Ice/Necromancy               6
Comestibles
 h - 15 royal jellies
 k - 12 meat rations
 m - 11 bread rations
 r - 5 fruits


   Skills:
 - Level 5.1 Fighting
 - Level 6.0 Staves
 - Level 4.0 Armour
 - Level 6.1 Dodging
 - Level 2.1 Stealth
 + Level 5.3 Shields
 + Level 11.6 Spellcasting
 + Level 13.4 Conjurations
 + Level 8.3 Ice Magic
 + Level 13.2 Earth Magic
 * Level 17.1 Poison Magic
 - Level 4.0 Evocations


You had 5 spell levels left.
You knew the following spells:

 Your Spells              Type           Power        Failure   Level  Hunger
a - Sting                 Conj/Pois      ####         0%          1    None
b - Poisonous Vapours     Pois/Air       ######       1%          2    None
c - Mephitic Cloud        Conj/Pois/Air  ######..     1%          3    None
d - Olgreb's Toxic Radia  Pois           #######.     1%          4    None
e - Throw Frost           Conj/Ice       ######       1%          2    None
f - Venom Bolt            Conj/Pois      ######....   1%          5    None
g - Searing Ray           Conj           ######       1%          2    None
h - Stone Arrow           Conj/Erth      ######       1%          3    None
i - Bolt of Cold          Conj/Ice       ######....   2%          6    None
j - Iron Shot             Conj/Erth      ######....   1%          6    None


Dungeon Overview and Level Annotations

Branches:
Dungeon (12/15)            Temple (1/1) D:7            Lair (6/6) D:8
  Swamp (4/4) Lair:4        Snake (0/4) Lair:3        Slime (0/5) Lair:6
    Orc (2/2) D:9             Elf (0/3) Orc:2

Altars:
Ashenzari
Cheibriados
Dithmenos
Elyvilon
Fedhas
Gozag
Hepliaklqana
Kikubaaqudgha
Makhleb
Nemelex Xobeh
Okawaru
Qazlal
Ru
Sif Muna
Trog
Uskayaw
Vehumet
Xom
Yredelemnul
Zin
The Shining One
Jiyva

Shops:
D:6 (   D:8 !   Orc:2 (:}*?

Annotations:
Swamp:4 deskach's ghost, adept DECj


Innate Abilities, Weirdness & Mutations

You are resistant to torment.
Your stone body is resilient. (AC +12)
You are immune to poison.
Your large and strong wings let you fly indefinitely.
You resist negative energy. (rN+)
You are resistant to electric shocks. (rElec)
You can survive without breathing.
You are immune to petrification.
You are immune to rotting.


Message History

The fireball explodes!
The fireball engulfs you!
Casting: Stone Arrow
Confirm with . or Enter, or press ? or * to list all spells.
Aiming: Bolt of Cold
Press: ? - help, Shift-Dir - straight line, f - deskach's ghost
Aim: deskach's ghost (water)
The bolt of cold misses deskach's ghost.
Deskach's ghost is engulfed in freezing vapours.
Casting: Bolt of Cold
Confirm with . or Enter, or press ? or * to list all spells.
Aiming: Iron Shot
Press: ? - help, Shift-Dir - straight line, f/p - deskach's ghost
Aim: deskach's ghost (freezing vapour)
The iron shot misses deskach's ghost.
Deskach's ghost is engulfed in freezing vapours.
Deskach's ghost wails.
Deskach's ghost points at you and mumbles some strange words.
The fireball explodes!
The fireball engulfs you!
Ouch! That really hurt!
You die...

♣♣.≈ ♣♣.≈≈≈ ♣≈≈≈≈≈
♣≈≈≈≈≈ ≈ ♣♣.≈≈≈♣ ♣♣≈≈≈≈≈
♣≈≈≈≈≈.♣♣♣♣ ≈..≈≈≈≈≈
≈$≈≈≈§§§≈.♣♣♣ ≈≈≈.≈≈≈≈
.....≈≈@§§.≈♣ ≈...≈≈≈≈
≈≈≈.§♣§†≈...♣♣ ♣♣≈.≈.≈§
≈≈≈≈...§≈§≈..♣♣ ♣...≈.≈≈
≈≈≈≈≈.§≈≈≈≈≈≈♣.≈≈...≈.≈.
≈≈.[=.W≈≈≈..[.♣♣♣≈≈.≈...
≈≈♣..§§≈≈.♣≈...≈≈≈##♣≈..
♣ ♣♣≈§≈≈≈≈♣♣♣..≈# ####.
♣...§≈≈≈♣♣♣≈.♣####.≈≈.
♣....≈♣..≈.♣##♣....≈≈.


You could see deskach's ghost.

Vanquished Creatures
  Nikola (Swamp:4)
  5 thorn hunters
  An azure jelly (Lair:6)
  2 orc warlords
  A very ugly thing (Swamp:3)
  A dire elephant (Lair:6)
  Erolcha (Orc:1)
  Fannar (Lair:1)
  2 ice dragons
  2 ogre magi (Orc:2)
  21 hydras
  A catoblepas (Lair:6)
  16 two-headed ogres
  3 alligators
  4 death yaks (Lair:6)
  Nergalle (Lair:4)
  2 unseen horrors (D:11)
  2 deep trolls (Orc:2)
  7 swamp dragons
  A spriggan druid (Swamp:3)
  A shambling mangrove (Swamp:3)
  Pikel (D:9)
  2 orc knights
  3 lindwurms (Lair:6)
  An ugly thing (D:12)
  A necromancer (IceCv)
  5 oklob plants
  19 elephants
  5 cyclopes
  4 manticores
  7 torpor snails (Lair:6)
  The ghost of PurpleRed the Chopper, a novice MiFi (D:5)
  11 black mambas
  Maurice (D:9)
  2 ice statues (IceCv)
  16 spiny frogs
  A kobold demonologist (D:8)
  7 komodo dragons
  6 rime drakes
  8 ice devils (IceCv)
  21 hornets
  22 trolls
  13 tyrant leeches
  A polar bear (Lair:5)
  14 bog bodies
  6 dream sheep (Lair:6)
  21 slime creatures
  Prince Ribbit (D:9)
  14 hippogriffs
  10 blink frogs
  12 spriggans
  4 shadows
  3 wyverns
  2 vampires
  28 yaks
  2 basilisks (Lair:6)
  27 vampire mosquitoes
  2 steam dragons
  2 hungry ghosts
  A naga (Lair:3)
  6 wargs
  2 hell hounds (D:8)
  25 insubstantial wisps
  19 swamp worms
  12 water moccasins
  5 porcupines
  4 slaves (D:9)
  15 swamp drakes
  25 ogres
  2 phantoms
  12 orc warriors
  An ice beast (D:8)
  2 sky beasts
  2 black bears
  An eye of draining (D:11)
  A wolf (Lair:6)
  13 centaurs
  15 crocodiles
  11 big kobolds
  21 bullfrogs
  A wyvern zombie (D:12)
  7 scorpions
  3 spriggan skeletons (D:10)
  51 killer bees
  5 wights (D:7)
  4 howler monkeys
  An electric eel (Lair:2)
  6 crimson imps
  A quasit (D:10)
  3 bullfrog zombies
  A bullfrog skeleton (D:11)
  4 draconian simulacra (IceCv)
  3 centaur skeletons
  7 jellies
  13 orc wizards
  Crazy Yiuf (D:2)
  16 orc priests
  6 hounds
  2 gnoll shamans
  2 iguanas
  Terence (D:2)
  Natasha (thrice) (D:2 D:3)
  A spriggan simulacrum (IceCv)
  2 troll simulacra (IceCv)
  7 worker ants
  2 hound skeletons
  A worker ant zombie (D:10)
  12 gnolls
  2 naga simulacra (IceCv)
  An ogre simulacrum (IceCv)
  14 adders
  2 shadow imps
  10 oozes
  A worm (D:3)
  A dart slug (D:1)
  5 leopard geckos
  84 orcs
  10 bats
  3 giant cockroaches
  7 goblins
  6 hobgoblins
  10 jackals
  22 kobolds
  3 quokkas
  2 ball pythons
  6 frilled lizards
  8 rats
  3 plants
943 creatures vanquished.

Vanquished Creatures (others)
  A hornet (Swamp:1)
  A vampire mosquito (Swamp:1)
  A porcupine (Lair:3)
  A bullfrog (D:12)
  14 fungi
  12 plants
30 creatures vanquished.

Grand Total: 973 creatures vanquished

Notes
Turn   | Place    | Note
-------+----------+-------------------------------------------
     0 | D:1      | AlphabetPasta the Gargoyle Venom Mage began the quest for the Orb.
     0 | D:1      | Reached XP level 1. HP: 10/10 MP: 3/3
   184 | D:1      | Reached XP level 2. HP: 15/15 MP: 1/5
   188 | D:1      | Learned a level 2 spell: Poisonous Vapours
   283 | D:1      | Learned a level 2 spell: Poisonous Vapours
   739 | D:1      | Reached XP level 3. HP: 19/19 MP: 2/6
   744 | D:1      | Learned a level 3 spell: Mephitic Cloud
  1138 | D:2      | Noticed Natasha
  1145 | D:2      | Killed Natasha
  1145 | D:2      | Reached skill level 4 in Poison Magic
  1145 | D:2      | Reached XP level 4. HP: 14/24 MP: 0/7
  1608 | D:2      | Noticed Terence
  1622 | D:2      | Killed Terence
  1729 | D:2      | Found a runed door.
  1733 | D:2      | Noticed Crazy Yiuf
  1747 | D:2      | Killed Crazy Yiuf
  1747 | D:2      | Reached XP level 5. HP: 28/28 MP: 1/9
  2201 | D:3      | Noticed Natasha
  2262 | D:3      | Killed Natasha
  2327 | D:3      | Noticed Natasha
  2334 | D:3      | Killed Natasha
  2334 | D:3      | Reached skill level 5 in Poison Magic
  2340 | D:3      | Learned a level 4 spell: Olgreb's Toxic Radiance
  2568 | D:3      | Found a sacrificial altar of Ru.
  2735 | D:3      | Reached XP level 6. HP: 32/32 MP: 7/10
  3053 | D:4      | Reached skill level 1 in Fighting
  3254 | D:4      | Reached XP level 7. HP: 38/38 MP: 5/12
  3289 | D:4      | Reached skill level 6 in Poison Magic
  3307 | D:4      | Reached skill level 1 in Staves
  4015 | D:5      | Entered Level 5 of the Dungeon
  4195 | D:5      | Reached XP level 8. HP: 40/43 MP: 11/14
  4196 | D:5      | Noticed PurpleRed's ghost (novice MiFi)
  4469 | D:5      | Reached skill level 7 in Poison Magic
  5299 | D:6      | Found Derote's Weapon Shoppe.
  5386 | D:6      | Reached skill level 5 in Conjurations
  6119 | D:7      | Reached skill level 8 in Poison Magic
  6149 | D:7      | Reached XP level 9. HP: 29/47 MP: 16/16
  6356 | D:7      | Found a staircase to the Ecumenical Temple.
  6365 | Temple   | Entered the Ecumenical Temple
  6418 | Temple   | Became a worshipper of Vehumet
  6469 | D:7      | Found Evihaci's Weapon Emporium.
  6488 | D:7      | Identified a scroll of acquirement
  6488 | D:7      | Identified Jaetoak's Reference Book on Supportive Lightness (You acquired it on level 7 of the Dungeon)
  6507 | D:7      | Reached skill level 5 in Spellcasting
  7202 | D:8      | Reached * piety under Vehumet
  7202 | D:8      | Offered knowledge of Flame Tongue by Vehumet.
  7355 | D:8      | Noticed a two-headed ogre
  7399 | D:8      | Killed a two-headed ogre
  7399 | D:8      | Reached skill level 9 in Poison Magic
  7659 | D:8      | Reached XP level 10. HP: 29/52 MP: 7/18
  7914 | D:8      | Reached skill level 10 in Poison Magic
  7974 | D:8      | Found Qositwo's Distillery.
  8005 | D:8      | Found a staircase to the Lair.
  8006 | D:8      | Bought a potion of brilliance for 44 gold pieces
  8006 | D:8      | Bought a potion of heal wounds for 55 gold pieces
  8006 | D:8      | Bought a potion of heal wounds for 55 gold pieces
  8034 | D:8      | Noticed a two-headed ogre
  8039 | D:8      | Noticed a kobold demonologist
  8053 | D:8      | Killed a two-headed ogre
  8053 | D:8      | Reached skill level 5 in Staves
  8056 | D:8      | Noticed an orange demon
  8061 | D:8      | Killed a kobold demonologist
  8061 | D:8      | Offered knowledge of Throw Frost by Vehumet.
  8111 | D:8      | Reached ** piety under Vehumet
  8166 | D:8      | Learned a level 2 spell: Throw Frost
  8946 | D:9      | Noticed a two-headed ogre
  8967 | D:9      | Killed a two-headed ogre
  8967 | D:9      | Reached skill level 11 in Poison Magic
  8967 | D:9      | Reached XP level 11. HP: 42/58 MP: 7/21
  9053 | D:9      | Learned a level 5 spell: Venom Bolt
  9214 | D:9      | Noticed Maurice
  9231 | D:9      | Killed Maurice
  9359 | D:9      | Noticed Pikel
  9373 | D:9      | Killed Pikel
  9549 | D:9      | Found a staircase to the Orcish Mines.
  9697 | D:9      | Noticed Prince Ribbit
  9705 | D:9      | Killed Prince Ribbit
  9979 | D:10     | Entered Level 10 of the Dungeon
  9986 | D:10     | Offered knowledge of Searing Ray by Vehumet.
 10004 | D:10     | Reached *** piety under Vehumet
 10080 | D:10     | Learned a level 2 spell: Searing Ray
 10092 | D:10     | Offered knowledge of Fulminant Prism by Vehumet.
 10401 | D:10     | Found a snail-covered altar of Cheibriados.
 10424 | D:10     | Reached **** piety under Vehumet
 10521 | D:9      | Reached skill level 12 in Poison Magic
 10749 | D:10     | Offered knowledge of Stone Arrow by Vehumet.
 10754 | D:10     | Learned a level 3 spell: Stone Arrow
 10976 | D:10     | Reached skill level 1 in Earth Magic
 11658 | D:11     | Noticed a two-headed ogre
 11677 | D:11     | Killed a two-headed ogre
 11677 | D:11     | Reached XP level 12. HP: 62/64 MP: 7/24
 12046 | D:11     | Identified a +1 pair of boots of running (You found it on level 11 of the Dungeon)
 12061 | D:11     | Reached ***** piety under Vehumet
 12299 | D:11     | Offered knowledge of Force Lance by Vehumet.
 12891 | D:12     | Noticed a two-headed ogre
 12946 | D:11     | Reached skill level 5 in Earth Magic
 13164 | D:12     | Noticed a two-headed ogre
 13170 | D:12     | Killed a two-headed ogre
 13197 | D:12     | Noticed a two-headed ogre
 13205 | D:12     | Killed a two-headed ogre
 13225 | D:12     | Killed a two-headed ogre
 13899 | Lair:1   | Entered Level 1 of the Lair of Beasts
 13946 | Lair:1   | Reached skill level 5 in Fighting
 14034 | Lair:1   | Noticed an eight-headed hydra
 14040 | Lair:1   | Killed an eight-headed hydra
 14040 | Lair:1   | Reached skill level 10 in Conjurations
 14040 | Lair:1   | Reached skill level 13 in Poison Magic
 14250 | Lair:1   | Reached XP level 13. HP: 72/72 MP: 10/25
 14334 | Lair:1   | Noticed Fannar
 14359 | Lair:1   | Killed Fannar
 14359 | Lair:1   | Reached skill level 5 in Dodging
 16802 | Lair:3   | Found a staircase to the Snake Pit.
 17538 | Lair:4   | Found a staircase to the Swamp.
 18195 | Lair:4   | Noticed Nergalle
 18203 | Lair:4   | Killed Nergalle
 18205 | Lair:4   | Reached skill level 14 in Poison Magic
 18633 | Lair:4   | Reached skill level 1 in Ice Magic
 19191 | Lair:4   | Gained mutation: Your large and strong wings let you fly indefinitely. [Gargoyle growth]
 19191 | Lair:4   | Reached XP level 14. HP: 41/78 MP: 6/27
 19588 | Lair:5   | Offered knowledge of Lightning Bolt by Vehumet.
 20118 | Lair:5   | Reached skill level 10 in Earth Magic
 20349 | Lair:5   | Found an ancient bone altar of Kikubaaqudgha.
 21049 | Lair:6   | Entered Level 6 of the Lair of Beasts
 21074 | Lair:6   | Found a frozen archway.
 21088 | IceCv    | Entered an ice cave
 21185 | IceCv    | Reached skill level 1 in Shields
 22247 | Lair:6   | Found a viscous altar of Jiyva.
 22248 | Lair:6   | Found a staircase to the Slime Pits.
 22311 | Lair:6   | Reached skill level 1 in Evocations
 22697 | Lair:6   | Reached skill level 10 in Spellcasting
 22717 | Lair:6   | Offered knowledge of Bolt of Cold by Vehumet.
 22728 | Lair:6   | Learned a level 6 spell: Bolt of Cold
 23150 | Lair:6   | Reached skill level 1 in Armour
 23213 | Lair:6   | Noticed a dire elephant
 23243 | Lair:6   | Killed a dire elephant
 23370 | Lair:6   | Reached skill level 15 in Poison Magic
 23460 | Lair:6   | Reached XP level 15. HP: 82/82 MP: 24/29
 23541 | Lair:6   | Reached skill level 5 in Ice Magic
 23679 | Lair:6   | Noticed an azure jelly
 23690 | Lair:6   | Killed an azure jelly
 23997 | Lair:6   | Found a runed door.
 25382 | D:5      | Killed PurpleRed's ghost
 25595 | Orc:1    | Entered Level 1 of the Orcish Mines
 25833 | Orc:2    | Entered Level 2 of the Orcish Mines
 25855 | Orc:1    | Offered knowledge of Conjure Ball Lightning by Vehumet.
 26106 | Orc:1    | Noticed an orc warlord
 26123 | Orc:1    | Killed an orc warlord
 26391 | Orc:1    | Noticed Erolcha
 26396 | Orc:1    | Killed Erolcha
 26914 | Orc:2    | Found Zatimaz's Weapon Emporium.
 26924 | Orc:2    | Noticed an orc warlord
 26934 | Orc:2    | Killed an orc warlord
 26938 | Orc:2    | Reached XP level 16. HP: 75/87 MP: 16/30
 26940 | Orc:2    | Offered knowledge of Ozocubu's Refrigeration by Vehumet.
 26941 | Orc:2    | Reached ****** piety under Vehumet
 26945 | Orc:2    | Reached skill level 16 in Poison Magic
 26988 | Orc:2    | Found Tixt's Gadget Boutique.
 27074 | Orc:2    | Found Daetuir's Assorted Antiques.
 27078 | Orc:2    | Found Noschook's Magic Scroll Shoppe.
 27128 | Orc:2    | Found a staircase to the Elven Halls.
 27131 | Orc:2    | Found Xeron's Book Boutique.
 27329 | Orc:2    | Bought a scroll of identify for 54 gold pieces
 27329 | Orc:2    | Bought a fizzy white potion for 24 gold pieces
 27329 | Orc:2    | Bought a bubbling inky potion for 24 gold pieces
 27329 | Orc:2    | Bought a scroll of blinking for 202 gold pieces
 27438 | Orc:2    | Upgraded the game from 0.20-a0-622-g01f5896 to 0.20-a0-628-gc61b052
 27580 | Swamp:1  | Entered Level 1 of the Swamp
 32195 | Swamp:3  | Noticed a thorn hunter
 32292 | Swamp:3  | Killed a thorn hunter
 32570 | Swamp:4  | Entered Level 4 of the Swamp
 33201 | Swamp:4  | Noticed a thorn hunter
 33204 | Swamp:4  | Killed a thorn hunter
 33304 | Swamp:3  | Offered knowledge of Iron Shot by Vehumet.
 33320 | Swamp:3  | Learned a level 6 spell: Iron Shot
 33494 | Swamp:4  | Noticed deskach's ghost (adept DECj)
 33769 | Swamp:3  | Upgraded the game from 0.20-a0-628-gc61b052 to 0.20-a0-629-gc37eb77
 33991 | Swamp:4  | Noticed a thorn hunter
 34045 | Swamp:4  | Killed a thorn hunter
 34045 | Swamp:4  | Reached XP level 17. HP: 64/92 MP: 22/32
 34923 | Swamp:4  | Noticed Nikola
 35013 | Swamp:4  | Killed Nikola
 35232 | Swamp:4  | Reached skill level 5 in Shields
 35232 | Swamp:4  | Reached skill level 17 in Poison Magic
 36397 | Swamp:4  | Got a decaying rune of Zot
 36630 | Swamp:4  | Killed from afar by deskach's ghost

Vault maps used:
D:1:      dpeg_arrival_orchard, minmay_ruptured
D:2:      uniq_terence, uniq_natasha, uniq_crazy_yiuf_cottage
D:3:      nicolae_ru_awakened_eye
D:4:      first_bread
D:6:      serial_shops, shop
D:7:      temple_statues, serial_shops, shop_statue
D:8:      minmay_lair_entry_lava, special_room, serial_shops, shop_statue
D:9:      orc_0_dummy, uniq_prince_ribbit1, uniq_maurice, uniq_pikel
D:10:     wad_woods_minihive, basic_altar, hangedman_tell_no_tales
D:11:     hangedman_little_slice_of_home, minmay_bent
Temple:   nicolae_temple_the_god_donut
Lair:1:   grunt_megastairs_2, uniq_fannar
Lair:2:   infiniplex_staircase_pool, grunt_megastairs_1
Lair:3:   guppyfry_snake_entry_garden, st_stairs_13
Lair:4:   dpeg_oklob_gauntlet, swamp_mist, uniq_nergalle
Lair:5:   cheibrodos_lair_caveside_slide, lemuel_oklob_altar
Lair:6:   wormcave, hangedman_lair_in_review, slime_altar_1,
          portal_ice_cave_entry_pillars_2
Swamp:1:  evilmike_swamp_ruin_house_1
Swamp:2:  evilmike_swamp_ruin_house_5
Swamp:3:  serial_swamp_ruin, evilmike_swamp_ruin_wall,
          evilmike_swamp_ruin_house_4
Swamp:4:  swamp_alternative, uniq_nikola
Orc:1:    uniq_erolcha
Orc:2:    st_orc_open, serial_shops, shop, mines_bat_river
IceCv:    ice_cave_tombish

Skill      XL: |  1  2  3  4  5  6  7  8  9 10 11 12 13 14 15 16 17 |
---------------+----------------------------------------------------+-----
Conjurations   | 2 3 4 5 6 8 9 10 11 12 13 | 13.4
Poison Magic   | 4 5 6 8 9 11 12 13 14 15 16 17 | 17.1
Spellcasting   | 3 4 5 7 8 9 10 11 | 11.6
Fighting       | 1 2 3 5 |  5.1
Staves         | 1 2 4 5 6 |  6.0
Dodging        | 2 3 4 5 6 |  6.1
Earth Magic    | 3 7 9 10 11 12 13 | 13.2
Ice Magic      | 2 4 6 7 8 |  8.3
Shields        | 1 3 4 5 |  5.3
Evocations     | 1 3 4 |  4.0
Armour         | 2 3 4 |  4.0
Stealth        | |  2.1

Action                   |  1- 3 |  4- 6 |  7- 9 | 10-12 | 13-15 | 16-18 || total
-------------------------+-------+-------+-------+-------+-------+-------++-------
Melee: Dagger            |    30 |    39 |    90 |       |       |       ||   159
       Quarterstaff      |       |       |   102 |   307 |   307 |    78 ||   794
       Staff             |       |       |       |       |       |     3 ||     3
 Cast: Sting             |    31 |    65 |    46 |    28 |     4 |       ||   174
       Poisonous Vapours |     1 |    19 |    57 |    86 |    55 |       ||   218
       Olgreb's Toxic Ra |       |       |    16 |    45 |    95 |    39 ||   195
       Throw Frost       |       |       |       |    36 |    40 |   106 ||   182
       Stone Arrow       |       |       |       |    80 |   428 |   534 ||  1042
       Searing Ray       |       |       |       |    20 |    30 |     1 ||    51
       Venom Bolt        |       |       |       |     7 |     2 |     3 ||    12
       Mephitic Cloud    |       |       |       |     5 |    19 |     2 ||    26
       Bolt of Cold      |       |       |       |       |    11 |    30 ||    41
       Iron Shot         |       |       |       |       |       |     9 ||     9
 Abil: Fly               |       |       |       |       |       |     1 ||     1
Evoke: Wand              |       |       |       |       |     9 |     6 ||    15
       Staff of energy   |       |       |       |       |       |     2 ||     2
  Use: Scroll            |     6 |     5 |    10 |     7 |    14 |    12 ||    54
       Potion            |     1 |       |       |     6 |     2 |     3 ||    12
 Stab: Sleeping          |     3 |     4 |     3 |       |       |       ||    10
       Confused          |       |       |       |       |     1 |       ||     1
  Eat: Chunk             |     1 |     8 |    15 |    25 |    48 |    35 ||   132
       Fruit             |       |       |     3 |     9 |     1 |       ||    13
       Royal jelly       |       |       |       |     2 |     1 |       ||     3
Armor: Robe              |     5 |    16 |    80 |   196 |   179 |   214 ||   690
Dodge: Dodged            |    20 |    21 |   163 |   344 |   323 |   383 ||  1254
Block: Buckler           |       |       |       |       |       |     5 ||     5
